 Dungeon Crawl Stone Soup version 0.29.1-15-g9cfb28693d (webtiles) character file.

Game seed: 17509635373092024254

2958 ponobo the Magician (level 9, -7/67 HPs)
             Began as a Gnoll Fire Elementalist on Mar 9, 2023.
             Was a Priest of Cheibriados.
             Mangled by an orc knight
             ... wielding a +0 halberd
              (19 damage)
             ... in a bailey.
             The game lasted 00:14:47 (8799 turns).

ponobo the Magician (Gnoll Fire Elementalist)       Turns: 8799, Time: 00:14:47

Health: -7/67      AC:  9    Str: 28    XL:     9   Next: 81%
Magic:  10/19      EV: 15    Int: 26    God:    Cheibriados [***...]
Gold:   322        SH:  0    Dex: 20    Spells: 19/22 levels left

rFire   . . .      SeeInvis .   F - +2 mace (protect)
rCold   + . .      Faith    .   (no shield)
rNeg    . . .      Spirit   .   O - +0 ring mail
rPois   .          Reflect  .   t - +0 helmet of the Vaults {rC+ Str+5}
rElec   .          Harm     .   (no cloak)
rCorr   .          Rampage  .   y - +0 pair of gloves
Will    .....                   r - +0 pair of boots
Stlth   +++.......              (no amulet)
HPRegen 0.21/turn               k - ring of flight
MPRegen 0.16/turn               u - +6 ring of strength

@: flying, very slow
A: fangs 1, strong nose, distributed training
a: Renounce Religion, Bend Time, Temporal Distortion


You were in a bailey.
You worshipped Cheibriados.
Cheibriados was most pleased with you.
You visited 2 branches of the dungeon, and saw 8 of its levels.
You also visited: Sewer and Bailey.

You collected 322 gold pieces.

Inventory:

Hand Weapons
 c - a +0 hand axe
 g - a +0 short sword
 q - a +2 hand axe of freezing
 F - a +2 mace of protection (weapon)
Missiles
 H - a throwing net
Armour
 a - a +0 robe
 d - a +0 leather armour
 r - a +0 pair of boots (worn)
 t - the +0 helmet of the Vaults (worn) {rC+ Str+5}
   (You found it on level 3 of the Dungeon)

   Str:       It affects your strength (+5).
   rC:        It protects you from cold.
 v - a +0 scale mail
 y - a +0 pair of gloves (worn)
 O - a +0 ring mail (worn)
Jewellery
 k - a ring of flight (left hand)
 u - a +6 ring of strength (right hand)
Wands
 I - a wand of roots (6)
 K - a wand of mindburst (14)
 M - a wand of digging (4)
 P - a wand of quicksilver (10)
Scrolls
 e - 3 scrolls of immolation {unknown}
 f - a scroll of enchant armour {unknown}
 h - 5 scrolls of identify {unknown}
 n - a scroll of enchant weapon {unknown}
 o - a scroll of amnesia {unknown}
 p - a scroll of brand weapon {unknown}
 w - 4 scrolls of noise {unknown}
 x - 2 scrolls of blinking {unknown}
 A - 2 scrolls of poison {unknown}
 B - 2 scrolls of fear {unknown}
 C - 4 scrolls of teleportation {unknown}
 E - a scroll of butterflies {unknown}
 L - a scroll of vulnerability {unknown}
 N - 2 scrolls of magic mapping {unknown}
Potions
 b - 2 potions of magic
 i - a potion of attraction {unknown}
 j - 2 potions of flight {unknown}
 l - 3 potions of curing {unknown}
 m - a potion of ambrosia {unknown}
 s - 6 potions of degeneration {unknown}
 z - a potion of brilliance {unknown}
 D - a potion of haste {unknown}
 G - a potion of mutation {unknown}
 J - a potion of invisibility {unknown}


   Skills:
 + Level 4.8 Fighting
 + Level 4.8 Short Blades
 + Level 4.8 Long Blades
 + Level 4.8 Axes
 + Level 4.8 Maces & Flails
 + Level 4.8 Polearms
 + Level 4.8 Staves
 + Level 4.8 Ranged Weapons
 + Level 4.8 Throwing
 + Level 4.8 Armour
 + Level 6.7 Dodging
 + Level 6.4 Stealth
 + Level 4.8 Shields
 + Level 4.8 Unarmed Combat
 + Level 7.0 Spellcasting
 + Level 4.5 Conjurations
 + Level 3.9 Hexes
 + Level 3.9 Summonings
 + Level 3.9 Necromancy
 + Level 3.9 Translocations
 + Level 3.9 Transmutations
 + Level 6.8 Fire Magic
 + Level 3.9 Ice Magic
 + Level 3.9 Air Magic
 + Level 3.9 Earth Magic
 + Level 3.9 Poison Magic
 + Level 5.2 Invocations
 + Level 4.8 Evocations


You had 19 spell levels left.
You knew the following spells:

 Your Spells              Type           Power      Damage    Failure   Level
a - Foxfire               Conj/Fire      100%       2x1d9     1%          1
b - Scorch                Fire           88%        2d9       1%          2

Your spell library contained the following spells:

 Spells                   Type           Power      Damage    Failure   Level
 Conjure Flame            Conj/Fire      38%        6-21      2%          3
 Inner Flame              Hex/Fire       37%        N/A       2%          3
 Flame Wave               Conj/Fire      38%        2d10      9%          4
 Cause Fear               Hex            14%        N/A       17%         4
 Dragon Form              Tmut           14%        N/A       100%        7
 Dragon's Call            Summ           14%        N/A       100%        9


Dungeon Overview and Level Annotations

Branches:
Dungeon (7/15)             Temple (1/1) D:4           Sewer (visited)
 Bailey (1/1)

Altars:
Cheibriados
Dithmenos
Elyvilon
Fedhas
Hepliaklqana
Kikubaaqudgha
Makhleb
Nemelex Xobeh
Sif Muna
Xom
Yredelemnul
Zin
The Shining One

Shops:
D:5 *


Innate Abilities, Weirdness & Mutations

You have very sharp teeth.
Your uncanny sense of smell can sniff out nearby items.
Your experience applies equally to all skills.


Message History

The orc warrior is engulfed in a cloud of scalding steam.
The orc warrior misses you.
Casting: Scorch (safe; 1% risk of failure)
Confirm with . or Enter, or press ? or * to list all spells.
Flames lash the orc knight.
The orc knight is burned terribly!
The orc knight is moderately wounded.
The orc knight is engulfed in a cloud of scalding steam.
The orc knight hits you from afar with a +0 halberd.
The orc warrior splashes around in the water.
You barely miss the orc warrior.
You bite the orc warrior, but do no damage.
The orc warrior is lightly wounded.
The orc knight is engulfed in a cloud of scalding steam.
The orc knight hits you from afar with a +0 halberd.
* * * LOW HITPOINT WARNING * * *
The orc warrior is engulfed in a cloud of scalding steam.
The orc warrior misses you.
Okay, then.
The orc knight is engulfed in a cloud of scalding steam.
The orc knight roars a battlecry!
The orc warrior goes into a battle-frenzy!
The orc warrior closely misses you.
The orc knight is engulfed in a cloud of scalding steam.
The orc warrior is engulfed in a cloud of scalding steam.
Okay, then.
Magic courses through your body.
Activating: Slouch (19% risk of failure)
Press: ? - help, Dir - look around, f - activate You can feel time thicken for a moment.
Cheibriados lowers the support of your attributes as your movement quickens.
The orc knight is no longer more vulnerable to fire.
The orc knight hits you from afar with a +0 halberd!
* * * LOW HITPOINT WARNING * * *
Activating: Slouch (19% risk of failure)
Press: ? - help, Dir - look around, f - activate You can feel time thicken for a moment.
You can no longer inflict damage on those overly hasty.
Cheibriados lowers the support of your attributes as your movement quickens.
The orc knight hits you from afar with a +0 halberd!!
You die...

#.....≈≈#)##≈~~~~~~###~~~~~~≈##)
#.....~≈≈)≈≈≈~~~#########~~~≈≈≈)
#.....~~~~~~~~~##~~~~~~~##~~~~~~
#.....~~~~~~~~##~~#'#'#~~##~~~~~
#.....~~~~~~~~#~~##)#.##~~#~~~~~
#.....~~~~~~~##~#########~##~~~~
#.....~~~~~~~##~'.#∆.:#.'~##~~~~
#.....~~~~~~~##~### 8o###~##~~~~
#.....~~~~~~~##@'.# o.#.'~##~~~~
#.....~~~~~~~##~####'####~##~~~~
#.....~~~~~~~~#~o##o)∩##~~##~~~~
#.....~~~~~~~~##o~#'''##~~~~~~~~
#.....~~~~~~~~~##~)~~~##~~~~~~~~
#.....~≈≈~≈≈≈~~~##~~~~##~~~~≈≈≈)
#.....≈≈#.##≈~~~~#######~~~~≈##)
#.....≈##.∩#≈~~~~~~~~~~~~~~~≈#∩.
#.....≈#...)))~~~~~~~~~~~~~~~...


You could see an orc knight and an orc warrior (strong).

Vanquished Creatures
  An orc knight (Bailey)
  Pikel (D:5)
  Eustachio (D:6)
  A water moccasin (D:6)
  4 orc warriors (Bailey)
  A black bear (D:7)
  2 ogres
  A centaur (D:6)
  3 bullfrogs
  A scorpion (D:5)
  A howler monkey (D:5)
  5 hounds
  A jelly (D:5)
  2 orc priests
  An iguana (D:6)
  Terence (D:3)
  5 orc wizards
  8 gnolls (D:4)
  5 river rats (Sewer)
  16 adders
  A white imp (D:6)
  2 ufetubi
  5 worms
  2 dart slugs
  29 orcs
  7 bats
  9 endoplasms
  4 giant cockroaches
  12 goblins
  5 hobgoblins
  4 jackals (D:3)
  4 quokkas
  21 ball pythons
  6 frilled lizards
  3 kobolds
  22 rats
197 creatures vanquished.

Vanquished Creatures (collateral kills)
  2 foxfires (D:1)
2 creatures vanquished.

Vanquished Creatures (others)
  842 foxfires
842 creatures vanquished.

Grand Total: 1041 creatures vanquished

Notes
Turn   | Place    | Note
-------+----------+-------------------------------------------
     0 | D:1      | ponobo the Gnoll Fire Elementalist began the quest for the
                  | Orb.
     0 | D:1      | Reached XP level 1. HP: 13/13 MP: 6/6
   405 | D:1      | Reached XP level 2. HP: 19/19 MP: 5/7
   666 | D:1      | Learned a level 2 spell: Scorch
  1161 | D:2      | Reached skill level 5 in Spellcasting
  1161 | D:2      | Reached XP level 3. HP: 25/25 MP: 5/9
  1473 | D:2      | Reached skill level 1 in Invocations
  1728 | D:2      | Reached skill level 1 in Fighting
  1728 | D:2      | Reached skill level 1 in Short Blades
  1728 | D:2      | Reached skill level 1 in Long Blades
  1728 | D:2      | Reached skill level 1 in Axes
  1728 | D:2      | Reached skill level 1 in Maces & Flails
  1728 | D:2      | Reached skill level 1 in Polearms
  1728 | D:2      | Reached skill level 1 in Staves
  1728 | D:2      | Reached skill level 1 in Ranged Weapons
  1728 | D:2      | Reached skill level 1 in Throwing
  1728 | D:2      | Reached skill level 1 in Armour
  1728 | D:2      | Reached skill level 1 in Shields
  1728 | D:2      | Reached skill level 1 in Unarmed Combat
  1728 | D:2      | Reached skill level 1 in Evocations
  2053 | D:2      | Reached XP level 4. HP: 32/32 MP: 11/11
  2476 | D:3      | Found a shimmering altar of Xom.
  2476 | D:3      | Found a glowing golden altar of the Shining One.
  2476 | D:3      | Found a sparkling altar of Nemelex Xobeh.
  2487 | D:3      | Reached skill level 1 in Hexes
  2487 | D:3      | Reached skill level 1 in Summonings
  2487 | D:3      | Reached skill level 1 in Necromancy
  2487 | D:3      | Reached skill level 1 in Translocations
  2487 | D:3      | Reached skill level 1 in Transmutations
  2487 | D:3      | Reached skill level 1 in Ice Magic
  2487 | D:3      | Reached skill level 1 in Air Magic
  2487 | D:3      | Reached skill level 1 in Earth Magic
  2487 | D:3      | Reached skill level 1 in Poison Magic
  2726 | D:3      | Identified the +0 helmet of the Vaults {rC+ Str+5}
  2752 | D:3      | Noticed Terence
  2759 | D:3      | Killed Terence
  2916 | D:3      | Reached XP level 5. HP: 37/37 MP: 6/12
  3479 | D:4      | Found a staircase to the Ecumenical Temple.
  3489 | Temple   | Entered the Ecumenical Temple
  3546 | Temple   | Became a worshipper of Cheibriados the Contemplative
  3587 | D:4      | Noticed an ogre
  3649 | D:4      | Reached XP level 6. HP: 27/44 MP: 6/13
  3766 | D:4      | Reached skill level 5 in Dodging
  3775 | D:4      | Found a glowing drain.
  3781 | Sewer    | Entered a sewer
  4013 | Sewer    | Reached * piety under Cheibriados
  4543 | Sewer    | Reached ** piety under Cheibriados
  4740 | Sewer    | Reached XP level 7. HP: 43/51 MP: 9/15
  5033 | D:4      | Reached skill level 5 in Stealth
  5460 | D:4      | Reached *** piety under Cheibriados
  6267 | D:5      | Entered Level 5 of the Dungeon
  6267 | D:5      | Found a hazy altar of Hepliaklqana.
  6457 | D:5      | Found Zin's Purification Station.
  6470 | D:5      | Noticed Pikel
  6474 | D:5      | Killed Pikel
  6475 | D:5      | Reached skill level 6 in Spellcasting
  6475 | D:5      | Reached XP level 8. HP: 58/58 MP: 8/17
  6537 | D:5      | Found a glowing silver altar of Zin.
  7417 | D:6      | Found an ancient bone altar of Kikubaaqudgha.
  7430 | D:6      | Reached XP level 9. HP: 65/65 MP: 11/18
  7440 | D:6      | Reached **** piety under Cheibriados
  7809 | D:6      | Noticed Eustachio
  7812 | D:6      | Killed Eustachio
  8319 | D:7      | Found a flagged portal.
  8371 | Bailey   | Entered a bailey
  8773 | Bailey   | Noticed an orc knight
  8773 | Bailey   | Noticed an orc knight
  8782 | Bailey   | Killed an orc knight
  8783 | Bailey   | Reached skill level 7 in Spellcasting
  8783 | Bailey   | Reached skill level 5 in Invocations
  8799 | Bailey   | Mangled by an orc knight

Illustrated notes

Levels and vault maps discovered:
D:1:      minmay_arrival_semitransparent, layout_basic
D:2:      layout_basic
D:3:      layout_basic, chequers_temple_overflow_statue_of_worship, uniq_terence
D:4:      layout_layer_cave, temple_pool_b, gup_sewer_entry_bubbles
D:5:      layout_rooms, nzn_hepliaklqana_mist_gate, zin_purify, uniq_pikel
D:6:      layout_loops_cross, kennysheep_mini, minivault_27, uniq_eustachio
D:7:      layout_loops_ring, enter_bailey_3, dk_noncrumbling_4,
          serial_bayou_pond_d, nicolae_fountain_basement
Temple:   nicolae_temple_figure_eight
Bailey:   bailey_polearm_2, bailey

Skill      XL: |  1  2  3  4  5  6  7  8  9 |
---------------+----------------------------+-----
Conjurations   | 2 3 4 |  4.5
Spellcasting   | 5 6 7 |  7.0
Invocations    | 1 2 3 4 5 |  5.2
Fighting       | 1 2 3 4 |  4.8
Short Blades   | 1 2 3 4 |  4.8
Long Blades    | 1 2 3 4 |  4.8
Axes           | 1 2 3 4 |  4.8
Maces & Flails | 1 2 3 4 |  4.8
Polearms       | 1 2 3 4 |  4.8
Staves         | 1 2 3 4 |  4.8
Ranged Weapons | 1 2 3 4 |  4.8
Throwing       | 1 2 3 4 |  4.8
Armour         | 1 2 3 4 |  4.8
Shields        | 1 2 3 4 |  4.8
Unarmed Combat | 1 2 3 4 |  4.8
Evocations     | 1 2 3 4 |  4.8
Hexes          | 1 2 3 |  3.9
Summonings     | 1 2 3 |  3.9
Necromancy     | 1 2 3 |  3.9
Translocations | 1 2 3 |  3.9
Transmutations | 1 2 3 |  3.9
Ice Magic      | 1 2 3 |  3.9
Air Magic      | 1 2 3 |  3.9
Earth Magic    | 1 2 3 |  3.9
Poison Magic   | 1 2 3 |  3.9
Dodging        | 5 6 |  6.7
Stealth        | 5 6 |  6.4
Fire Magic     | 6 |  6.8

Action                   |  1- 3 |  4- 6 |  7- 9 || total
-------------------------+-------+-------+-------++-------
Melee: Short sword       |     4 |       |       ||     4
       Hand axe          |     3 |    31 |     1 ||    35
       Bite              |       |     4 |     7 ||    11
       Mace              |       |       |    40 ||    40
 Cast: Foxfire           |    98 |   182 |   195 ||   475
       Scorch            |     2 |     9 |    24 ||    35
Invok: Slouch            |       |       |     2 ||     2
  Use: Potion            |       |       |     1 ||     1
Armor: Leather armour    |     7 |     3 |       ||    10
       Scale mail        |       |    12 |    24 ||    36
       Ring mail         |       |       |     5 ||     5
Dodge: Dodged            |     9 |    44 |    59 ||   112
